[Event "Titled Tuesday Blitz July 11 Early 2023"]
[White "Vaglio Munoz, Jaime"]
[Black "Ionescu, Mihai"]
[WhiteFideId "6500145"]
[BlackFideId "1202499"]
[WhiteElo "2276"]
[BlackElo "2523"]
[Result "0-1"]
[Round "11"]
[TimeControl "180+2"]
[Date "2023.07.11"]
[WhiteClock "0:00:36"]
[BlackClock "0:00:27"]
[Board "119"]

1. e4 c5 2. a3 d6 3. b4 cxb4 4. axb4 Nf6 5. d3 g6 6. Bb2 Bg7 7. c4 O-O 8. Nf3 a5 9. Nbd2 Nbd7 10. d4 b6 11. h3 Bb7 12. bxa5 Nxe4 13. Nxe4 Bxe4 14. a6 Qc8 15. Qa4 Bxf3 16. gxf3 Nb8 17. Qb5 Rxa6 18. Rc1 Qe6+ 19. Be2 Ra8 20. d5 Qf5 21. Bxg7 Kxg7 22. Qxb6 Nd7 23. Qd4+ Kg8 24. Qe4 Qf6 25. Kf1 Nc5 26. Qe3 Ra2 27. Kg2 Rfa8 28. h4 R8a3 29. Qg5 Qxg5+ 30. hxg5 Rxe2 31. Rh6 Raa2 32. Rch1 Rxf2+ 33. Kg3 Nd3 34. f4 Nxf4 35. Rxh7 Nh5+ 36. R1xh5 gxh5 37. Rxh5 Rg2+ 38. Kf3 Rh2 39. Rxh2 Rxh2 40. c5 dxc5 41. g6 fxg6 42. d6 exd6 43. Kg3 Ra2 0-1


[Site "https://www.chess.com"]

[Event "Titled Tuesday Blitz July 11 Early 2023"]
[White "Sarkar, Justin"]
[Black "Manukian, Artak"]
[WhiteFideId "2010011"]
[BlackFideId "13301373"]
[WhiteElo "2251"]
[BlackElo "2464"]
[Result "0-1"]
[Round "11"]
[TimeControl "180+2"]
[Date "2023.07.11"]
[WhiteClock "0:00:00"]
[BlackClock "0:00:30"]
[Board "120"]

1. d4 d5 2. c4 dxc4 3. Nf3 Nf6 4. e3 e6 5. Bxc4 c5 6. O-O a6 7. Bd3 Nc6 8. Nc3 cxd4 9. exd4 Nb4 10. Bb1 Be7 11. Bg5 O-O 12. a3 Nbd5 13. Qd3 g6 14. Bh6 Re8 15. Ne5 Bd7 16. h4 Rc8 17. Ne4 Bb5 18. Qf3 Bxf1 19. Kxf1 Qb6 20. Bd3 Qxd4 21. Nxf7 Kxf7 22. Ng5+ Kg8 23. Nxe6 Qxb2 24. Re1 Qxa3 25. h5 Nb4 26. hxg6 Qxd3+ 27. Qxd3 Nxd3 0-1


[Site "https://www.chess.com"]

[Event "Titled Tuesday Blitz July 11 Early 2023"]
[White "Thiel, Thomas"]
[Black "Villuendas Valero, Adrian"]
[WhiteFideId "4615964"]
[BlackFideId "2262460"]
[WhiteElo "2227"]
[BlackElo "2374"]
[Result "0-1"]
[Round "11"]
[TimeControl "180+2"]
[Date "2023.07.11"]
[WhiteClock "0:00:47"]
[BlackClock "0:00:14"]
[Board "121"]

1. e4 c6 2. d4 d5 3. exd5 cxd5 4. c4 Nf6 5. Nc3 Nc6 6. Bg5 e6 7. c5 Be7 8. Bb5 O-O 9. Nge2 h6 10. Bh4 Ne4 11. Bxe7 Nxc3 12. Nxc3 Qxe7 13. Bxc6 bxc6 14. O-O e5 15. dxe5 Qxe5 16. Re1 Qg5 17. Qd4 Bh3 18. g3 Rab8 19. b4 Rfe8 20. a4 Qf5 21. Rxe8+ Rxe8 22. Qf4 Qc2 23. Rc1 Qxc3 0-1


[Site "https://www.chess.com"]

[Event "Titled Tuesday Blitz July 11 Early 2023"]
[White "Mishra, Manoj"]
[Black "GAO"]
[WhiteFideId "5006007"]
[WhiteElo "2193"]
[BlackElo "2373"]
[Result "0-1"]
[Round "11"]
[TimeControl "180+2"]
[Date "2023.07.11"]
[WhiteClock "0:00:00"]
[BlackClock "0:00:19"]
[Board "122"]

1. d4 Nf6 2. Bf4 d5 3. Nc3 g6 4. e3 Bg7 5. h4 h5 6. Nf3 O-O 7. Ne5 Nbd7 8. f3 Nxe5 9. Bxe5 Nd7 10. Bxg7 Kxg7 11. Nxd5 c5 12. dxc5 Qa5+ 13. b4 Qd8 14. g4 Ne5 15. Be2 a5 16. g5 axb4 17. Kf2 Be6 18. Nf4 Qc7 19. Qd4 Kh7 20. Qxb4 Ra5 21. Rhb1 Rxc5 22. Qxb7 Rxc2 23. Qxc7 Rxc7 24. a4 Bc4 25. a5 Bxe2 26. Nxe2 Ra8 27. a6 Rca7 28. Rb6 Nd7 29. Rb5 Rxa6 30. Rxa6 Rxa6 31. Rb7 Rd6 32. Nd4 Kg7 33. f4 e5 34. Nb5 Rd2+ 35. Ke1 Rb2 36. Rxd7 Rxb5 37. Ke2 exf4 38. exf4 Rb3 39. f5 gxf5 40. Rd5 Rh3 41. Rxf5 Rxh4 42. Kf2 Rg4 43. Kf3 Rg1 44. Kf2 Rg4 45. Kf3 Ra4 46. Rb5 Kg6 47. Kf2 Rg4 48. Kf3 Rxg5 49. Rb6+ f6 50. Rb8 Kf5 51. Rb5+ Kg6 52. Rb6 Ra5 53. Rb8 Kf5 54. Rh8 Ra3+ 55. Kg2 Kg4 56. Rg8+ Kh4 57. Kh2 f5 58. Rf8 Rf3 59. Rf7 f4 60. Rf6 Kg5 61. Rf8 Ra3 62. Rg8+ Kf5 63. Rf8+ Kg4 64. Rg8+ Kf3 65. Rh8 Ra5 66. Kh3 Ra1 0-1


[Site "https://www.chess.com"]

[Event "Titled Tuesday Blitz July 11 Early 2023"]
[White "HeinichessPY"]
[Black "Mayaud, Raphael"]
[BlackFideId "627151"]
[WhiteElo "2163"]
[BlackElo "2372"]
[Result "1-0"]
[Round "11"]
[TimeControl "180+2"]
[Date "2023.07.11"]
[WhiteClock "0:01:48"]
[BlackClock "0:00:51"]
[Board "123"]

1. e4 c5 2. Nc3 e6 3. g3 Nc6 4. Bg2 g6 5. Nge2 Bg7 6. O-O Nge7 7. d3 O-O 8. Be3 b6 9. Qd2 Nd4 10. e5 Rb8 11. Nxd4 cxd4 12. Bxd4 Nc6 13. Bxc6 dxc6 14. Qf4 Bb7 15. Ne4 c5 16. Bc3 Qd5 17. f3 Rbd8 18. Nf6+ Bxf6 19. exf6 Rd7 20. Qh6 1-0


[Site "https://www.chess.com"]

[Event "Titled Tuesday Blitz July 11 Early 2023"]
[White "Tqebuchava, Zurab"]
[Black "Fajdetic, Hrvoje"]
[WhiteFideId "13601113"]
[BlackFideId "14501945"]
[WhiteElo "2082"]
[BlackElo "2319"]
[Result "0-1"]
[Round "11"]
[TimeControl "180+2"]
[Date "2023.07.11"]
[WhiteClock "0:00:00"]
[BlackClock "0:00:26"]
[Board "124"]

1. e4 c5 2. Nf3 a6 3. b3 Nc6 4. Bb2 d5 5. exd5 Qxd5 6. Nc3 Qh5 7. Be2 Bg4 8. h3 Nf6 9. d3 Qh6 10. Qd2 Qxd2+ 11. Kxd2 Bh5 12. Rae1 e6 13. Kc1 O-O-O 14. Nd2 Bxe2 15. Nxe2 Be7 16. a4 b5 17. axb5 axb5 18. Nc3 Nd4 19. Ncb1 Kb7 20. Ne4 Nd5 21. Bxd4 cxd4 22. Kb2 Ra8 23. g4 Ra6 24. Kc1 Bb4 25. Kd1 Bxe1 26. Rxe1 Ra1 27. Ke2 f5 28. Nc5+ Kc6 29. Nxe6 Rxb1 30. Rxb1 Nc3+ 31. Kf3 Nxb1 32. Nxd4+ Kb6 33. gxf5 Rd8 34. Ne6 Rd7 35. Ke4 b4 36. d4 Na3 37. d5 Nxc2 38. h4 Na1 39. h5 Nxb3 40. h6 gxh6 41. f6 Nc5+ 42. Ke5 b3 43. Nxc5 Kxc5 44. Ke6 Ra7 45. d6 b2 46. f7 Rxf7 47. Kxf7 Kxd6 0-1


[Site "https://www.chess.com"]

[Event "Titled Tuesday Blitz July 11 Early 2023"]
[White "Mangialardo, Tiago Carvalho"]
[Black "Mikhaylova, Irina"]
[WhiteFideId "2130718"]
[BlackFideId "4109040"]
[WhiteElo "2148"]
[BlackElo "2276"]
[Result "0-1"]
[Round "11"]
[TimeControl "180+2"]
[Date "2023.07.11"]
[WhiteClock "0:00:00"]
[BlackClock "0:02:12"]
[Board "125"]

1. e4 c5 2. Nf3 Nc6 3. Bb5 Na5 4. a4 a6 5. Be2 e6 6. O-O d6 7. c3 Nf6 8. Qc2 Be7 9. d4 cxd4 10. cxd4 O-O 11. Nc3 Bd7 12. b4 Nc6 13. b5 Nb4 14. Qb1 a5 15. e5 Nfd5 16. Ne4 dxe5 17. dxe5 Rc8 18. Bd2 f5 19. exf6 Nxf6 20. Rd1 Qe8 21. Ne5 Nfd5 22. Bd3 Nxd3 23. Qxd3 Bb4 24. Bxb4 axb4 25. Nxd7 Qxd7 26. Rac1 Qf7 27. Qd4 Qf4 28. Nd6 Qxd6 0-1


[Site "https://www.chess.com"]

[Event "Titled Tuesday Blitz July 11 Early 2023"]
[White "Liu, Casper"]
[Black "abelmat"]
[WhiteFideId "1454153"]
[WhiteElo "2491"]
[BlackElo "1980"]
[Result "1-0"]
[Round "11"]
[TimeControl "180+2"]
[Date "2023.07.11"]
[WhiteClock "0:01:04"]
[BlackClock "0:00:11"]
[Board "126"]

1. h3 d5 2. d4 Nf6 3. Nf3 e6 4. Bf4 Bd6 5. Ne5 O-O 6. e3 b6 7. Bd3 Bb7 8. Nd2 Ne4 9. Qh5 f5 10. g4 Nd7 11. gxf5 exf5 12. Rg1 Ndf6 13. Qh6 Qe7 14. f3 Nxd2 15. Kxd2 Ng4 16. Rxg4 fxg4 17. Qxh7# 1-0


[Site "https://www.chess.com"]

[Event "Titled Tuesday Blitz July 11 Early 2023"]
[White "Larina, Maria"]
[Black "Balla, Tamas-Kristof"]
[WhiteFideId "24113182"]
[BlackFideId "1208497"]
[WhiteElo "2196"]
[BlackElo "2418"]
[Result "1-0"]
[Round "11"]
[TimeControl "180+2"]
[Date "2023.07.11"]
[WhiteClock "0:00:07"]
[BlackClock "0:00:09"]
[Board "127"]

1. e4 c5 2. Nc3 Nc6 3. g3 g6 4. Bg2 Bg7 5. d3 e6 6. Be3 d6 7. Qd2 Nf6 8. Bh6 O-O 9. h4 Bxh6 10. Qxh6 Ng4 11. Qd2 h5 12. Nh3 e5 13. O-O-O b5 14. f3 Nf6 15. Ng5 b4 16. Nd5 Nxd5 17. exd5 Nd4 18. g4 a5 19. gxh5 a4 20. hxg6 fxg6 21. c3 b3 22. cxd4 bxa2 23. Kc2 cxd4 24. Ra1 Bf5 25. Ne4 Rc8+ 26. Kd1 Qb6 27. Ke2 Qb3 28. Rhc1 Rxc1 29. Rxc1 Rc8 30. Rxc8+ Bxc8 31. Qc1 Bf5 32. Bf1 Qxd5 33. Kf2 Qb3 34. Be2 d5 35. Nc5 Qb6 36. Nxa4 Qa5 37. b3 Qb4 38. Qb2 e4 39. fxe4 dxe4 40. Qxa2 exd3 41. Bf3 d2 42. Bd1 d3 43. Qb2 Qxh4+ 44. Ke3 Qg3+ 45. Kxd2 Qf2+ 46. Kc3 Qe3 47. Qd2 Qe5+ 48. Kb4 Qd4+ 49. Ka3 Qf6 50. Nc3 g5 51. Bf3 g4 52. Bd5+ Kg7 53. b4 g3 54. Qe3 Qxc3+ 55. Ka4 Qc2+ 56. Kb5 d2 57. Qe7+ Kh6 58. Qe3+ Kg6 59. Qxg3+ Kf6 60. Qd6+ Kg5 61. Qg3+ Bg4 62. Qe5+ Qf5 63. Qg7+ Kf4 64. Qd4+ Kg3 65. Qxd2 Bf3 66. Kc6 Bxd5+ 67. Qxd5 Qc2+ 68. Qc5 Qg6+ 69. Qd6+ Qxd6+ 70. Kxd6 1-0


[Site "https://www.chess.com"]

[Event "Titled Tuesday Blitz July 11 Early 2023"]
[White "Kiseleva, Arina"]
[Black "Llanos, Guillermo"]
[WhiteFideId "4164989"]
[BlackFideId "100358"]
[WhiteElo "2191"]
[BlackElo "2362"]
[Result "1-0"]
[Round "11"]
[TimeControl "180+2"]
[Date "2023.07.11"]
[WhiteClock "0:00:26"]
[BlackClock "0:01:35"]
[Board "128"]

1. d4 Nf6 2. Nf3 e6 3. e3 c5 4. Bd3 d5 5. O-O Nc6 6. b3 cxd4 7. exd4 Bd6 8. Bb2 O-O 9. Nbd2 Qc7 10. a3 b6 11. Re1 Bb7 12. Ne5 Bxe5 13. dxe5 Nd7 14. Qh5 g6 15. Qh6 Ne7 16. Nf3 Rfe8 17. Ng5 Nf8 18. Re3 Nf5 19. Bxf5 exf5 20. Rh3 Qxc2 21. Nxh7 Nxh7 22. Qxh7+ Kf8 23. Qh8+ Ke7 24. Qf6+ Kd7 25. Qd6+ Kc8 26. Rc1 Qxc1+ 27. Bxc1 1-0


[Site "https://www.chess.com"]

[Event "Titled Tuesday Blitz July 11 Early 2023"]
[White "Hernandez Bermudez, Ulises Eduardo"]
[Black "Glavina, Pablo"]
[WhiteFideId "3902510"]
[BlackFideId "100234"]
[WhiteElo "2170"]
[BlackElo "2357"]
[Result "1-0"]
[Round "11"]
[TimeControl "180+2"]
[Date "2023.07.11"]
[WhiteClock "0:01:02"]
[BlackClock "0:00:23"]
[Board "129"]

1. e4 e5 2. Nf3 Nc6 3. Bb5 a6 4. Ba4 Nf6 5. Qe2 b5 6. Bb3 Bc5 7. c3 d6 8. O-O Bb6 9. Rd1 O-O 10. h3 Ne7 11. d4 Ng6 12. dxe5 Nd7 13. exd6 cxd6 14. Rxd6 Qc7 15. Rd1 Nc5 16. Bd5 Bb7 17. Bxb7 Qxb7 18. Be3 Qxe4 19. Nbd2 Qc6 20. Bxc5 Bxc5 21. Nb3 Rfe8 22. Qd2 Bf8 23. Nbd4 Qb7 24. Re1 Rad8 25. Rxe8 Rxe8 26. Re1 Rd8 27. Qg5 Be7 28. Qg3 b4 29. Nf5 Bf8 30. h4 h5 31. Qg5 bxc3 32. Qxd8 cxb2 33. Qd3 Nf4 34. Qb3 Qc6 35. Qxb2 Qg6 36. Ne7+ Bxe7 37. Qb8+ Kh7 38. Qxf4 Bd6 39. Ng5+ Kg8 40. Re8+ Bf8 41. Qb8 Qxg5 42. Rxf8+ Kh7 43. hxg5 Kg6 44. Qe5 a5 45. f3 a4 46. g4 a3 47. Qf5# 1-0


[Site "https://www.chess.com"]

[Event "Titled Tuesday Blitz July 11 Early 2023"]
[White "Hrescak, Ivana"]
[Black "Xavier_mompel"]
[WhiteFideId "14613441"]
[WhiteElo "2147"]
[BlackElo "2256"]
[Result "0-1"]
[Round "11"]
[TimeControl "180+2"]
[Date "2023.07.11"]
[WhiteClock "0:00:12"]
[BlackClock "0:00:25"]
[Board "130"]

1. e4 c5 2. Nf3 e6 3. d4 cxd4 4. Nxd4 Nc6 5. Nc3 Qc7 6. Be3 a6 7. Qf3 Nf6 8. O-O-O Be7 9. h3 O-O 10. g4 Ne5 11. Qg3 d6 12. f4 Nc4 13. Bxc4 Qxc4 14. g5 Nd7 15. h4 b5 16. h5 b4 17. Nce2 Bb7 18. Qf3 e5 19. Nf5 Bxe4 20. Nxe7+ Kh8 21. Qxe4 Qxe4 22. Rh3 Rfe8 23. Nd5 Qg2 24. Ng1 Rac8 25. Rd2 Qf1+ 26. Rd1 Qc4 27. c3 bxc3 28. Nxc3 exf4 29. Bd4 Ne5 30. h6 g6 31. Nf3 Kg8 32. Nh4 f3 33. Nxf3 Nxf3 34. Rxf3 Qxa2 35. Rdf1 Qa1+ 36. Kc2 Qa4+ 37. Kd3 Qd7 38. Nd5 Qb5+ 39. Kd2 Qxd5 40. Rxf7 Qxd4# 0-1


[Site "https://www.chess.com"]

[Event "Titled Tuesday Blitz July 11 Early 2023"]
[White "Roque Sola, Gisela"]
[Black "rionelG"]
[WhiteFideId "5120241"]
[WhiteElo "2145"]
[BlackElo "2254"]
[Result "1-0"]
[Round "11"]
[TimeControl "180+2"]
[Date "2023.07.11"]
[WhiteClock "0:00:23"]
[BlackClock "0:00:00"]
[Board "131"]

1. e4 c5 2. Nf3 d6 3. d4 cxd4 4. Nxd4 Nf6 5. Nc3 a6 6. Be2 e5 7. Nb3 Be7 8. O-O Be6 9. Bf3 Nbd7 10. a4 Rc8 11. Be3 Qc7 12. a5 O-O 13. Re1 h6 14. h3 Rfe8 15. Re2 Bc4 16. Rd2 b5 17. axb6 Nxb6 18. Na5 Be6 19. Nd5 Bxd5 20. exd5 Nc4 21. Nxc4 Qxc4 22. Be2 Qb4 23. c3 Qb8 24. Bxa6 Ne4 25. Bxc8 Nxd2 26. Qxd2 Rxc8 27. b4 Qb5 28. Ra5 Qc4 29. Ra3 f5 30. f3 Bh4 31. Bf2 Bg5 32. Be3 Bh4 33. Bf2 Bg5 34. Qa2 Qd3 35. Qa1 Be3 36. Bxe3 Qxe3+ 37. Kh1 f4 38. c4 Qd2 39. Qc3 Qd1+ 40. Kh2 Qf1 41. c5 Qf2 42. c6 Qg3+ 43. Kg1 Qg6 44. Qd3 Qg5 45. b5 Qh4 46. Qe4 1-0


[Site "https://www.chess.com"]

[Event "Titled Tuesday Blitz July 11 Early 2023"]
[White "cycygogne"]
[Black "Kiselev, Pavel"]
[BlackFideId "4191102"]
[WhiteElo "2118"]
[BlackElo "2246"]
[Result "0-1"]
[Round "11"]
[TimeControl "180+2"]
[Date "2023.07.11"]
[WhiteClock "0:00:18"]
[BlackClock "0:00:59"]
[Board "132"]

1. e4 c5 2. Nf3 Nc6 3. b4 cxb4 4. d4 d5 5. exd5 Qxd5 6. c4 bxc3 7. Nxc3 Qd8 8. d5 Nb8 9. Bf4 Nd7 10. Bb5 Nf6 11. O-O g6 12. d6 e6 13. Bg5 Bg7 14. Rc1 O-O 15. Re1 Qa5 16. a4 a6 17. Bxd7 Bxd7 18. Ne5 Bc6 19. Nxc6 bxc6 20. Bxf6 Bxf6 21. Ne4 Bg7 22. Nc5 Bc3 23. Re3 Bb4 24. Qd4 Bxc5 25. Rxc5 Qb6 26. h4 Rfd8 27. Rec3 Rd7 28. Qf4 Rad8 29. Rxc6 Qb1+ 30. Rc1 Qa2 31. Rxa6 Qd5 32. Rac6 Rxd6 33. Rxd6 Rxd6 34. Qf6 Rd8 35. Rc7 Qd1+ 36. Kh2 Qd6+ 0-1


[Site "https://www.chess.com"]

[Event "Titled Tuesday Blitz July 11 Early 2023"]
[White "Winkels, Marcel"]
[Black "Kuchava, Ana"]
[WhiteFideId "1003887"]
[BlackFideId "13605348"]
[WhiteElo "2110"]
[BlackElo "2245"]
[Result "1-0"]
[Round "11"]
[TimeControl "180+2"]
[Date "2023.07.11"]
[WhiteClock "0:00:54"]
[BlackClock "0:00:03"]
[Board "133"]

1. e4 c5 2. Nf3 d6 3. d4 cxd4 4. Nxd4 Nf6 5. Nc3 Nc6 6. Bc4 e6 7. Be3 a6 8. Bb3 Qc7 9. Qe2 Na5 10. O-O-O Be7 11. Rhg1 b5 12. g4 b4 13. Na4 Nd7 14. f4 Nc5 15. f5 Bd7 16. Nxc5 dxc5 17. fxe6 fxe6 18. Nxe6 Nxb3+ 19. axb3 Bxe6 20. Rgf1 a5 21. Qb5+ Bd7 22. Qc4 O-O-O 23. Qa6+ Kb8 24. Bf4 Qxf4+ 25. Rxf4 Bg5 26. Qd6+ Kb7 27. Qd5+ Bc6 28. Qxg5 Rxd1+ 29. Kxd1 1-0


[Site "https://www.chess.com"]

[Event "Titled Tuesday Blitz July 11 Early 2023"]
[White "UgarteCesar"]
[Black "Ismayilova, Khanim"]
[BlackFideId "13429019"]
[WhiteElo "2241"]
[BlackElo "2047"]
[Result "0-1"]
[Round "11"]
[TimeControl "180+2"]
[Date "2023.07.11"]
[WhiteClock "0:00:13"]
[BlackClock "0:00:08"]
[Board "134"]

1. d4 d5 2. Bf4 Nf6 3. e3 e6 4. Nf3 Bd6 5. Bg3 O-O 6. Bd3 b6 7. Qe2 c5 8. c3 Bxg3 9. hxg3 Ne4 10. Nbd2 f5 11. Ne5 Nd7 12. Qh5 Ndf6 13. Qh4 Nxd2 14. Kxd2 Ne4+ 15. Bxe4 Qxh4 16. gxh4 fxe4 17. f4 Ba6 18. g4 Rac8 19. Rac1 Bc4 20. b3 Ba6 21. g5 Rc7 22. b4 cxb4 23. cxb4 Bc4 24. Nxc4 dxc4 25. b5 Rf5 26. a4 a6 27. Rb1 axb5 28. Rxb5 Ra7 29. Rxf5 exf5 30. Ra1 Kf7 31. Kc3 Rc7 32. Rb1 Rc6 33. Rb4 Ke6 34. Rxc4 Rd6 35. Kb4 h6 36. Kb5 hxg5 37. hxg5 Kd5 38. Rb4 Rc6 39. Ka6 g6 40. Rxb6 Rc3 41. Rxg6 Rxe3 42. Rf6 Rg3 43. Rxf5+ Kxd4 44. Kb7 e3 45. a5 e2 46. Re5 Re3 47. Rxe3 Kxe3 48. a6 e1=Q 49. a7 Qb1+ 50. Kc8 Qc2+ 51. Kb8 Qb3+ 52. Kc8 Qc4+ 53. Kb8 Qb5+ 54. Kc7 Qc5+ 55. Kb7 Qb5+ 56. Kc7 Qa6 57. Kb8 Qb6+ 58. Ka8 Kxf4 59. g6 Qc7 60. g7 Qc8# 0-1


[Site "https://www.chess.com"]

[Event "Titled Tuesday Blitz July 11 Early 2023"]
[White "Johnson, Ben"]
[Black "Palacio,Igor Da Paz"]
[WhiteFideId "2010917"]
[BlackFideId "2121140"]
[WhiteElo "2114"]
[BlackElo "2202"]
[Result "1-0"]
[Round "11"]
[TimeControl "180+2"]
[Date "2023.07.11"]
[WhiteClock "0:00:43"]
[BlackClock "0:00:00"]
[Board "135"]

1. Nf3 Nf6 2. c4 g6 3. b3 Bg7 4. Bb2 O-O 5. g3 b6 6. Bg2 Bb7 7. O-O c5 8. d4 cxd4 9. Qxd4 Nc6 10. Qh4 h6 11. Qf4 d6 12. Nc3 Kh7 13. Rad1 a6 14. e4 Qc8 15. Rd2 Qg4 16. Re1 Qxf4 17. gxf4 Nh5 18. Ne2 Bxb2 19. Rxb2 Nb4 20. Rd2 Kg7 21. Nfd4 Rfd8 22. a3 Nc6 23. Nxc6 Bxc6 24. Bf3 Nf6 25. Nd4 Bd7 26. e5 Nh5 27. Bxa8 Rxa8 28. exd6 e6 29. Ne2 Bc6 30. b4 Rd8 31. c5 Nf6 32. Nd4 1-0


[Site "https://www.chess.com"]

[Event "Titled Tuesday Blitz July 11 Early 2023"]
[White "Navyblue1"]
[Black "Szente Varga, Fruzsina"]
[BlackFideId "712264"]
[WhiteElo "1809"]
[BlackElo "2297"]
[Result "0-1"]
[Round "11"]
[TimeControl "180+2"]
[Date "2023.07.11"]
[WhiteClock "0:00:08"]
[BlackClock "0:01:12"]
[Board "136"]

1. d4 Nf6 2. c4 g6 3. Nc3 Bg7 4. e4 d6 5. h3 O-O 6. Be3 e5 7. d5 Nbd7 8. g4 Ne8 9. Nf3 f5 10. gxf5 gxf5 11. exf5 Nc5 12. b4 Na6 13. Bg5 Qd7 14. Nh4 Nxb4 15. Ne4 Qf7 16. Rg1 Bxf5 17. Nxf5 Qxf5 18. Bh6 Qxe4+ 19. Qe2 Nc2+ 20. Kd1 Qxe2+ 21. Bxe2 Nxa1 22. Rxg7+ Nxg7 23. Bxg7 Kxg7 0-1


[Site "https://www.chess.com"]

[Event "Titled Tuesday Blitz July 11 Early 2023"]
[White "tomobeast"]
[Black "Lohani, Sujana"]
[BlackFideId "12311987"]
[WhiteElo "2239"]
[BlackElo "1933"]
[Result "1-0"]
[Round "11"]
[TimeControl "180+2"]
[Date "2023.07.11"]
[WhiteClock "0:00:17"]
[BlackClock "0:00:31"]
[Board "137"]

1. e4 g6 2. h4 c5 3. h5 Nc6 4. hxg6 fxg6 5. Nc3 Bg7 6. Nf3 d6 7. Bb5 Bg4 8. Rh4 Bxf3 9. Qxf3 Nf6 10. e5 dxe5 11. Bxc6+ bxc6 12. Qxc6+ Kf7 13. d3 Rc8 14. Qa4 Rc7 15. Bg5 Qa8 16. O-O-O Qxg2 17. Be3 Rd8 18. Qc4+ Kf8 19. Rdh1 h5 20. Re1 Ng4 21. Bxc5 Bh6+ 22. Kb1 Bg5 23. Rhh1 Qf3 24. Ne4 Bf6 25. b4 Rdc8 26. Qe6 a5 27. Rhg1 axb4 28. Rxg4 hxg4 29. Nxf6 Qxf6 30. Qxf6+ Ke8 31. Qxg6+ Kd7 32. Qxg4+ Kc6 33. Bxb4 Kb5 34. Rxe5+ Ka4 35. Bc3+ Ka3 36. Bb2# 1-0


[Site "https://www.chess.com"]

[Event "Titled Tuesday Blitz July 11 Early 2023"]
[White "Cardenas Carbajal, Nilson"]
[Black "Adla, Diego"]
[WhiteFideId "8401128"]
[BlackFideId "100072"]
[WhiteElo "2143"]
[BlackElo "2455"]
[Result "1-0"]
[Round "11"]
[TimeControl "180+2"]
[Date "2023.07.11"]
[WhiteClock "0:02:46"]
[BlackClock "0:02:26"]
[Board "138"]

1. e4 c5 2. d4 cxd4 3. c3 Nf6 4. e5 Nd5 5. Nf3 e6 6. cxd4 d6 7. Bc4 dxe5 8. dxe5 Nc6 9. O-O Be7 10. Qe2 O-O 11. Nc3 Nf4 1-0


[Site "https://www.chess.com"]

[Event "Titled Tuesday Blitz July 11 Early 2023"]
[White "Guzman Moneo, Alberto"]
[Black "Vila Dupla, Aurelio"]
[WhiteFideId "2209616"]
[BlackFideId "2203383"]
[WhiteElo "2418"]
[BlackElo "2126"]
[Result "0-1"]
[Round "11"]
[TimeControl "180+2"]
[Date "2023.07.11"]
[WhiteClock "0:00:00"]
[BlackClock "0:00:31"]
[Board "139"]

1. e4 c5 2. Nc3 d6 3. f4 g6 4. Nf3 Bg7 5. Bc4 Nc6 6. d3 e6 7. O-O Nge7 8. f5 exf5 9. Qe1 h6 10. Kh1 a6 11. a3 b5 12. Bb3 Be6 13. exf5 Bxf5 14. Nd5 O-O 15. Qh4 Be6 16. Nf6+ Bxf6 17. Qxf6 Nf5 18. Qc3 Bxb3 19. cxb3 Ncd4 20. Nxd4 cxd4 21. Qe1 Kg7 22. Qf2 Qh4 23. g3 Qg4 24. Bd2 Rae8 25. Rae1 h5 26. Qg2 Rxe1 27. Rxe1 h4 28. Re4 Qd1+ 29. Re1 Qxb3 30. g4 Ne3 31. Bxe3 dxe3 32. Rxe3 Rc8 33. Qe4 Rc1+ 34. Kg2 Qxb2+ 35. Re2 Rc2 36. Rxc2 Qxc2+ 37. Kh3 Qf2 38. a4 g5 39. axb5 axb5 0-1


[Site "https://www.chess.com"]

[Event "Titled Tuesday Blitz July 11 Early 2023"]
[White "Lisjak, Zlatko"]
[Black "Roque Sola, Jose Luis"]
[WhiteFideId "14502186"]
[BlackFideId "5120390"]
[WhiteElo "2147"]
[BlackElo "2122"]
[Result "1-0"]
[Round "11"]
[TimeControl "180+2"]
[Date "2023.07.11"]
[WhiteClock "0:00:21"]
[BlackClock "0:00:12"]
[Board "140"]

1. d4 Nf6 2. Nc3 d5 3. Bf4 c5 4. e4 dxe4 5. d5 Bg4 6. f3 exf3 7. Nxf3 g6 8. Qd2 Bxf3 9. gxf3 Bg7 10. O-O-O O-O 11. h4 Nh5 12. Bh6 Nd7 13. Ne4 Ndf6 14. Bxg7 Kxg7 15. Nxc5 b6 16. Ne4 Qd7 17. Kb1 Rfd8 18. c4 Qc7 19. Rg1 Qf4 20. Qc3 Qxh4 21. d6 exd6 22. Nxd6 Qf4 23. Qa3 Qxf3 24. Qxf3 1-0


[Site "https://www.chess.com"]

[Event "Titled Tuesday Blitz July 11 Early 2023"]
[White "ogpin"]
[Black "Ho, In Hei Henry"]
[BlackFideId "6002552"]
[WhiteElo "2000"]
[BlackElo "2137"]
[Result "1-0"]
[Round "11"]
[TimeControl "180+2"]
[Date "2023.07.11"]
[WhiteClock "0:00:54"]
[BlackClock "0:00:00"]
[Board "141"]

1. e4 c5 2. Nf3 e6 3. d4 cxd4 4. c3 Nc6 5. cxd4 d5 6. e5 Bb4+ 7. Bd2 Nge7 8. Bxb4 Nxb4 9. Nc3 O-O 10. a3 Nbc6 11. Bd3 Ng6 12. g3 a6 13. h4 Nge7 14. h5 f6 15. exf6 Rxf6 16. Ng5 h6 17. Nh7 Rf7 18. Qg4 e5 19. Qh4 e4 20. Nxe4 dxe4 21. Bc4 Nxd4 22. Qxe4 Nf3+ 23. Qxf3 Kxh7 24. Qxf7 Qa5+ 25. Kf1 Qg5 26. Re1 Bg4 27. Qxe7 Qf5 28. Qe4 Rc8 29. Bd3 Qxe4 30. Rxe4 Bf5 31. Rd4 g6 32. hxg6+ Kxg6 33. Rd6+ Kg5 34. Bxf5 Kxf5 35. Rh5+ Ke4 36. Rh4+ Ke5 37. Rdxh6 1-0


[Site "https://www.chess.com"]

[Event "Titled Tuesday Blitz July 11 Early 2023"]
[White "Horokoskii"]
[Black "campochess"]
[WhiteElo "2127"]
[BlackElo "2109"]
[Result "0-1"]
[Round "11"]
[TimeControl "180+2"]
[Date "2023.07.11"]
[WhiteClock "0:00:24"]
[BlackClock "0:01:59"]
[Board "142"]

1. d4 c5 2. d5 Nf6 3. c4 g6 4. Nc3 Bg7 5. Nf3 d6 6. h3 Bf5 7. Bf4 Ne4 8. Qb3 Nxc3 9. bxc3 Qa5 10. Bd2 Qa6 11. g4 Bd7 12. Bg2 O-O 13. Rb1 b6 14. O-O Ba4 15. Qb2 Qxc4 16. Ne1 Qxe2 17. Bf3 Qa6 18. Qa3 Bb5 19. Qxa6 Bxa6 20. Nc2 Nd7 21. Rfe1 Rfe8 22. Bg5 Ne5 23. Bg2 h6 24. Bd2 Bd3 25. Rb2 Nc4 0-1


[Site "https://www.chess.com"]

[Event "Titled Tuesday Blitz July 11 Early 2023"]
[White "Skiadopoulos, Nikolaos"]
[Black "Hartikainen, Jarmo"]
[WhiteFideId "4200772"]
[BlackFideId "503134"]
[WhiteElo "1920"]
[BlackElo "2126"]
[Result "1-0"]
[Round "11"]
[TimeControl "180+2"]
[Date "2023.07.11"]
[WhiteClock "0:01:20"]
[BlackClock "0:00:00"]
[Board "143"]

1. e4 c5 2. b4 e6 3. bxc5 Bxc5 4. d4 Be7 5. Nf3 Nf6 6. Bd3 Nc6 7. O-O d6 8. c4 Qc7 9. Nc3 a6 10. h3 b6 11. Bf4 Bb7 12. Bh2 Nb4 13. Bb1 Qxc4 14. Qd2 Rc8 15. Rc1 O-O 16. a3 Nxe4 17. Bxe4 Bxe4 18. Nxe4 Qd3 19. Qxd3 Nxd3 20. Rxc8 Rxc8 21. Nxd6 Rc2 22. Ne4 f5 23. Ned2 1-0


[Site "https://www.chess.com"]

[Event "Titled Tuesday Blitz July 11 Early 2023"]
[White "Alimpic, Aleksa"]
[Black "Floresvillar Gonzalez, Luis Migu"]
[WhiteFideId "974323"]
[BlackFideId "5100542"]
[WhiteElo "2285"]
[BlackElo "2077"]
[Result "1-0"]
[Round "11"]
[TimeControl "180+2"]
[Date "2023.07.11"]
[WhiteClock "0:01:22"]
[BlackClock "0:00:00"]
[Board "144"]

1. d4 d5 2. Nf3 Bf5 3. Bf4 e6 4. e3 Bd6 5. Bxd6 cxd6 6. Bd3 Bxd3 7. Qxd3 f5 8. O-O Nf6 9. c4 dxc4 10. Qxc4 d5 11. Qb5+ Qd7 12. Nc3 a6 13. Qb3 Nc6 14. Na4 Ne4 15. Nb6 Qd8 16. Nxa8 Qxa8 17. Rfc1 O-O 18. Ne5 Nxe5 19. dxe5 b5 20. Qb4 h6 21. f3 Ng5 22. Rc7 Qb8 23. Rac1 Kh7 24. Qe7 Rf7 25. Qd6 Rxc7 26. Qxc7 Qf8 27. h4 Nf7 28. Qc5 Qd8 29. Qc7 Qxc7 30. Rxc7 Nxe5 31. b3 Kg6 32. Ra7 Nd3 33. Rxa6 Kf6 34. a4 bxa4 35. bxa4 Ke5 36. h5 Nc5 37. Ra7 1-0


[Site "https://www.chess.com"]